 Dungeon Crawl Stone Soup version 0.31.0-9-g3a7656b989 (webtiles) character file.

Game seed: 6332278283407411951

77 qw the Shooter (level 4, 0/22 HPs)
             Began as a Spriggan Hunter on Feb 2, 2024.
             Succumbed to their own poison gas
             ... on level 2 of the Dungeon.
             The game lasted 00:00:05 (1565 turns).

qw the Shooter (Spriggan Hunter)                    Turns: 1565, Time: 00:00:05

Health: 0/22       AC:  2    Str:  7    XL:     4   Next: 13%
Magic:  5/5        EV: 19    Int: 10    God:
Gold:   130        SH:  0    Dex: 20    Spells: 3/3 levels left

rFire   . . .        a - +0 shortbow
rCold   . . .        (shield currently unavailable)
rNeg    . . .        c - +0 robe
rPois   .            (helmet restricted)
rElec   .            (no cloak)
rCorr   .            (gloves unavailable)
SInv    +            (boots unavailable)
Will    .....        (no amulet)
Stlth   ++           (no ring)
HPRegen 0.23/turn    (no ring)
MPRegen 0.09/turn

%: no passive effects
@: lethally poisoned (0 -> -1), very quick
A: very small, no large weapons, unfitting armour, see invisible, speed 3
a: no special abilities


You were on level 2 of the Dungeon.
You visited 1 branch of the dungeon, and saw 2 of its levels.

You collected 130 gold pieces.


Innate Abilities, Weirdness & Mutations

You are very small and have problems with some larger weapons.
You are too small for most types of armour.
You have supernaturally acute eyesight. (SInv)
You cover ground extremely quickly. (Speed+++)


   Skills:
 - Level 1.5 Fighting
 - Level 5.0 Ranged Weapons
 + Level 4.5 Dodging
 - Level 1.5 Stealth


You had 3 spell levels left.
You didn't know any spells.
Your spell library was empty.

Inventory:

Hand Weapons
 a - a +0 shortbow (weapon)
Armour
 c - a +0 robe (worn)
Scrolls
 g - a scroll of teleportation
Potions
 d - a potion of brilliance {unknown}
 h - a potion of haste {unknown}

Dungeon Overview and Level Annotations

Branches:
Dungeon (2/15)

Altars:


Message History

1553 ||| DROPPING potion of invisibility.
You drop a potion of invisibility.
Done exploring.
What level of the Dungeon? (default 2, ? - help) Sorry, I don't know how to get there.
Enter note:
Enter note:
Enter note:
Enter note:
Enter note:
Enter note:
Enter note:
Enter note:
Enter note: You are engulfed in poison gas.
You are poisoned.
You feel very sick.
1555 ||| Stepping ~*~*~tactically~*~*~ (cloud).
You feel sick.
Things that are here:
a potion of invisibility; a ring of wizardry
There is a lethal amount of poison in your body!
You feel very sick.
There is a lethal amount of poison in your body!
You feel very sick.
There is a lethal amount of poison in your body!
You feel sick.
There is a lethal amount of poison in your body!
You feel sick.
There is a lethal amount of poison in your body!
You feel sick.
There is a lethal amount of poison in your body!
You feel sick.
There is a lethal amount of poison in your body!
You feel sick.
There is a lethal amount of poison in your body!
You feel sick.
There is a lethal amount of poison in your body!
You feel sick.
There is a lethal amount of poison in your body!
You die...

#......%.##.#######
#####.##.##.......#
#####.##.########|#
#...#.##.# #...#
#.#.#.##.# #.###
#.#.#.##.# #.#
#.#....#.# #.#
#¤###00#.# #.#
#¤@..00#.# #.#
######.#.######.# #
#.##.#........# #
#.##.############
#....# #.......
#.#### #.######
#.###### #.#
#......# #.#
######.###.#


There were no monsters in sight!

Vanquished Creatures
  Jessica (D:2)
  3 dart slugs
  A ribbon worm (D:2)
  3 endoplasms
  2 giant cockroaches (D:1)
  A goblin (D:2)
  3 hobgoblins
  9 jackals
  2 quokkas
  A ball python (D:1)
  4 bats
  5 kobolds
  2 rats (D:1)
  A spectral hobgoblin (D:1)
38 creatures vanquished.

Notes
Turn   | Place    | Note
-------+----------+-------------------------------------------
     0 | D:1      | qw the Spriggan Hunter began the quest for the Orb.
     0 | D:1      | Reached XP level 1. HP: 10/10 MP: 2/2
     0 | D:1      | 0 ||| qw: Version: 0.3-a-155-g5e7d8dd
     0 | D:1      | 0 ||| qw: Game counter: 730
     0 | D:1      | 0 ||| qw: Melee chars always use a shield: true
     0 | D:1      | 0 ||| qw: God list: Okawaru
     0 | D:1      | 0 ||| qw: Allow faded altars: false
     0 | D:1      | 0 ||| qw: Do Orc after clearing Dungeon:15 true
     0 | D:1      | 0 ||| qw: Do second Lair branch before Depths: true
     0 | D:1      | 0 ||| qw: Lair rune preference: random
     0 | D:1      | 0 ||| qw: Goals: Normal
     0 | D:1      | 0 ||| PLANNING D:1-11
    42 | D:1      | Reached skill level 3 in Dodging
    71 | D:1      | Reached XP level 2. HP: 9/14 MP: 3/3
   411 | D:1      | Found a faded altar of an unknown god.
   462 | D:1      | Reached XP level 3. HP: 18/18 MP: 4/4
   696 | D:1      | 696 ||| READING scroll labelled TEQORY RIPRAIN.
   697 | D:1      | 697 ||| READING scroll labelled XIJEIM IQUU.
   698 | D:1      | 698 ||| READING 2 scrolls labelled YHUUXT GAUL.
   698 | D:1      | 698 ||| IDENTIFYING sapphire potion
   699 | D:1      | 699 ||| READING scroll of identify.
   699 | D:1      | 699 ||| IDENTIFYING scroll labelled LOLYSI NOCVAUSS
   700 | D:1      | 700 ||| READING scroll labelled MUYNY YNNIGI.
   701 | D:1      | 701 ||| READING 2 scrolls labelled MAF PIYM INYZI.
   702 | D:1      | 702 ||| DROPPING scroll of butterflies.
   703 | D:1      | 703 ||| DROPPING potion of lignification.
   704 | D:1      | 704 ||| DROPPING scroll of fog.
   804 | D:2      | Noticed Jessica
   811 | D:2      | Killed Jessica
   990 | D:2      | Reached skill level 5 in Ranged Weapons
  1033 | D:2      | 1033 ||| FLEEEEING.
  1034 | D:2      | 1034 ||| FLEEEEING.
  1040 | D:2      | Reached XP level 4. HP: 22/22 MP: 5/5
  1550 | D:2      | 1550 ||| DROPPING ring of wizardry.
  1551 | D:2      | 1551 ||| READING scroll of identify.
  1551 | D:2      | 1551 ||| IDENTIFYING lumpy inky potion
  1552 | D:2      | 1552 ||| READING scroll labelled AMEANOAFADE.
  1553 | D:2      | 1553 ||| DROPPING potion of invisibility.
  1555 | D:2      | 1555 ||| Stepping ~*~*~tactically~*~*~ (cloud).
  1559 | D:2      | HP: 5/22 [poisoned by you (poison gas)]
  1562 | D:2      | HP: 2/22 [poisoned by you (poison gas)]
  1565 | D:2      | Succumbed to their own poison gas

Levels and vault maps discovered:
D:1:      dpeg_arrival_tiny_f, layout_basic,
          dreamdust_ecumenical_altar_drowned_temple, serial_bayou,
          serial_bayou_pond_c, serial_bayou_lagoon_a, serial_bayou_pond_d,
          serial_bayou_crossing
D:2:      layout_basic, minmay_misc_feat_rugged, uniq_jessica

Skill      XL: |  1  2  3 |
---------------+----------+-----
Dodging        | 3 4 |  4.5
Ranged Weapons | 5 |  5.0
Fighting       | |  1.5
Stealth        | |  1.5

Action                     |  1- 3 |  4- 6 || total
---------------------------+-------+-------++-------
   Fire: Shortbow          |    89 |    14 ||   103
    Use: Scroll            |     6 |     2 ||     8
 Armour: Robe              |    12 |       ||    12
  Dodge: Dodged            |    28 |     3 ||    31

Table legend:
 A = Non-vault XP
 B = Vault XP
 C = Vault XP percentage of total XP
 D = Non-vault monster count
 E = Vault monster count
 F = Vault count percentage of total count
                 A         B        C        D         E       F
            +---------+---------+-------+---------+---------+-------
      Total |      72 |      38 |  34.5 |      36 |       2 |   5.3
            +---------+---------+-------+---------+---------+-------
        D:1 |      40 |       1 |   2.4 |      21 |       1 |   4.5
        D:2 |      32 |      37 |  53.6 |      15 |       1 |   6.2
            +---------+---------+-------+---------+---------+-------
